AoeStats
← Fireworks

Nomad

508486498Analyzed
4v4 RM · 11d ago on Sep 22, 2026· 31m 35s· 8 players
Game mode
Random Map
Map size
231×231
Population
200
Speed
Normal
Resources
Standard
Victory
Conquest
Starting age
Dark Age
Ending age
Imperial Age
RankedLock teamsTeams togetherTeam positionsShared explorationLock speedFull tech treeHidden civsTurbo modeCheats
Victory
Defeat
🇺🇸 Italians · United States
1427
+16
🇳🇴 Japanese · Norway
1404
+17
🇸🇪 Koreans · Sweden
1392
+17
🇺🇸 Malay · United States
1366
+18
🇨🇳 Danes · China
1500
-20
🇨🇳 Khitans · China
1482
-20
🇨🇳 Berbers · China
1380
-15
🇨🇳 Mongols · China
1331
-13
CMCHJK
7:44 Loom
12:33 Feudal Age
13:48 Double-Bit Axe
14:19 Gold Mining
15:57 Fishing Lines
18:58 Wheelbarrow
20:30 Fletching
23:41 Castle Age
21:25 Horse Collar
21:37 Stone Mining
23:44 Gillnets
25:48 Medium Warships
26:16 Bow Saw
26:09 Bodkin Arrow
27:43 Hand Cart
33:16 Imperial Age
30:51 Thalassocracy
32:15 Ballistics
31:57 Padded Archer Armor
Mowgli
3:23 Loom
14:52 Feudal Age
16:37 Town Watch
18:52 Castle Age
18:08 Double-Bit Axe
18:28 Fletching
19:04 Stone Mining
20:27 Bodkin Arrow
21:30 Bow Saw
30:01 Ballistics
31:45 Masonry
Nordigard
4:24 Loom
14:31 Feudal Age
23:18 Castle Age
21:14 Double-Bit Axe
24:28 Wheelbarrow
24:41 Medium Warships
25:48 Pikeman
28:50 Horse Collar
30:24 Heavy Plow
30:49 Fletching
AML4554
5:18 Loom
12:41 Feudal Age
18:07 Castle Age
19:19 Fletching
21:57 Double-Bit Axe
22:59 Bodkin Arrow
23:58 Ballistics
30:36 Horse Collar
Fireworks
5:09 Loom
12:01 Feudal Age
15:04 Forging
16:11 Scale Barding Armor
20:26 Castle Age
18:58 Double-Bit Axe
18:54 Domestication
21:45 Iron Casting
20:54 Light Cavalry
23:13 Chain Barding Armor
喜足天
5:28 Loom
13:28 Feudal Age
14:16 Double-Bit Axe
19:28 Castle Age
18:39 Horse Collar
20:12 Wheelbarrow
19:47 Fishing Lines
20:45 Medium Warships
20:27 Gillnets
22:42 Fletching
25:49 Hand Cart
27:58 Bodkin Arrow
32:36 Imperial Age
31:41 Gold Mining
32:08 Bow Saw
老狐狸
7:13 Loom
860
4:28 Loom
12:53 Feudal Age
16:46 Castle Age
15:42 Double-Bit Axe
16:23 Horse Collar
18:27 Fletching
19:23 Bodkin Arrow
24:47 Bow Saw
31:20 Ballistics
32:21 Wheelbarrow
Connection lost

Rejoining the realm…

Still unreachable

The connection could not be restored.

Session expired

The server has moved on; the page needs a fresh start.